Map: Honorgrounds LE

Players

BlueDragon - Winner!

  • Race: Protoss Protoss
  • League: Bronze
  • Spawn Location: 1:00

A.I. 1 (Very Hard)

  • Race: Terran Terran
  • Spawn Location: 5:00

VOD

https://www.youtube.com/watch?v=b5qUPXd_1rY

Description

Time

  • Played on: Feb. 26, 2017, 5:46 p.m.
  • Length: 11:17
Show
View Real Time Build Order
Export as new Build Order

BlueDragon Protoss - Winner!

Build Orders: 1 Gate Expand 

Get SALT Encoding   

  12  0:04  Probe (Chrono Boost)  
  13  0:15  Probe (Chrono Boost)  
  14  0:25  Pylon  
  14  0:27  Probe (Chrono Boost)  
  15  0:44  Probe (Chrono Boost)  
  15  0:46  Gateway  
  16  0:52  Assimilator  
  16  0:54  Probe (Chrono Boost)  
  17  1:05  Probe (Chrono Boost)  
  18  1:15  Probe (Chrono Boost)  
  19  1:25  Nexus  
  19  1:37  Cybernetics Core  
  19  1:39  Probe (Chrono Boost)  
  20  1:48  Pylon  
  20  1:50  Probe (Chrono Boost)  
  21  1:55  Assimilator  
  22  2:01  Probe (Chrono Boost)  
  22  2:13  Gateway  
  24  2:16  Mothership Core (Chrono Boost)  
  26  2:22  Adept  
  26  2:34  Probe (Chrono Boost)  
  27  2:37  Probe (Chrono Boost)  
  28  2:46  Warp Gate  
  28  2:50  Adept  
  30  2:53  Probe x2 (Chrono Boost)  
  32  3:01  Adept  
  32  3:04  Probe (Chrono Boost)  
  32  3:05  Probe (Chrono Boost)  
  36  3:19  Robotics Facility  
  36  3:20  Gateway  
  36  3:22  Probe (Chrono Boost)  
  36  3:24  Probe (Chrono Boost)  
  38  3:32  Probe (Chrono Boost)  
  39  3:35  Probe (Chrono Boost)  
  40  3:44  Probe (Chrono Boost)  
  40  3:45  Probe (Chrono Boost), Pylon  
  40  3:47  Pylon  
  42  3:51  Zealot  
  42  3:54  Zealot  
  46  4:03  Probe (Chrono Boost)  
  46  4:04  Probe (Chrono Boost)  
  48  4:12  Assimilator  
  48  4:13  Immortal  
  48  4:14  Probe x2 (Chrono Boost)  
  54  4:28  Pylon  
  54  4:29  Pylon  
  54  4:47  Robotics Bay  
  54  4:51  Zealot  
  56  4:57  Zealot x2  
  60  5:04  Probe (Chrono Boost)  
  60  5:05  Probe (Chrono Boost)  
  62  5:19  Assimilator  
  62  5:31  Twilight Council  
  62  5:32  Zealot x3  
  68  5:43  Gateway  
  68  5:45  Gateway  
  68  5:46  Gateway  
  68  5:49  Gateway  
  68  5:50  Gateway  
  68  5:52  Probe (Chrono Boost)  
  68  5:54  Probe (Chrono Boost)  
  68  5:56  Pylon  
  70  5:57  Sentry  
  70  5:58  Sentry x2  
  70  6:03  Probe (Chrono Boost), Charge  
  77  6:05  Pylon  
  77  6:06  Probe (Chrono Boost), Colossus  
  78  6:17  Extended Thermal Lance  
  84  6:26  Zealot x2  
  88  6:59  Zealot x3  
  94  7:10  Pylon  
  94  7:11  Pylon  
  94  7:13  Pylon  
  94  7:15  Pylon  
  94  7:20  Colossus  
  100  7:34  Forge  
  100  7:46  Zealot  
  100  7:47  Zealot x4  
  100  7:48  Zealot x3  
  116  8:09  Warp Prism  
  116  8:19  Zealot x2  
  122  8:20  Zealot x2  
  126  8:49  Pylon  
  126  8:50  Pylon  
  126  8:52  Pylon  
  126  8:54  Pylon  
  126  8:55  Nexus  
  122  8:59  Pylon  
  104  9:27  Zealot x3  
  104  9:28  Zealot x4  
  104  9:29  Zealot  
  106  9:55  Zealot  
  106  9:56  Zealot x3  
  106  9:57  Zealot x2  
  114  10:24  Zealot  
  114  10:25  Zealot x4  
  114  10:26  Zealot x2  
  114  10:27  Zealot  
  130  10:58  Zealot x2  
  130  10:59  Zealot x3  
  130  11:00  Zealot x2  
  130  11:01  Zealot  
Show
View Real Time Build Order
Export as new Build Order

A.I. 1 (Very Hard) Terran 

Build Orders: Bio Tank 

Get SALT Encoding   

  12  0:00  SCV  
  13  0:13  SCV  
  14  0:20  Supply Depot  
  14  0:25  SCV  
  15  0:42  SCV  
  16  0:45  Barracks  
  16  0:54  SCV  
  17  1:06  SCV  
  18  1:18  SCV  
  18  1:19  Supply Depot  
  18  1:24  Refinery  
  19  1:30  SCV  
  20  1:33  Marine  
  21  1:42  SCV  
  22  1:49  Refinery  
  22  1:51  Marine  
  23  1:55  SCV  
  24  2:07  SCV  
  25  2:09  Marine  
  26  2:19  SCV  
  27  2:22  Factory  
  27  2:27  Marine  
  28  2:31  SCV  
  29  2:41  Factory  
  29  2:43  SCV  
  30  2:44  Marine  
  30  2:45  Supply Depot  
  31  2:55  Orbital Command  
  31  3:06  Factory Tech Lab  
  31  3:07  Marine  
  32  3:21  SCV  
  32  3:24  Marine  
  34  3:27  Command Center, Factory Tech Lab  
  34  3:33  SCV  
  35  3:45  SCV  
  36  3:50  Barracks  
  36  3:57  SCV  
  36  3:58  Starport  
  36  3:59  Barracks Tech Lab  
  37  4:09  SCV  
  38  4:14  Supply Depot  
  38  4:20  Stimpack  
  38  4:21  SCV  
  39  4:36  Medivac, Marine x2  
  39  4:37  Supply Depot  
  43  4:39  Orbital Command  
  43  4:43  Hellion  
  45  4:48  Hellion  
  47  4:53  Marine  
  47  4:56  Barracks Tech Lab  
  48  5:05  Hellion  
  48  5:06  Medivac  
  52  5:09  Siege Tank  
  52  5:13  Combat Shields  
  55  5:26  Hellion  
  57  5:32  Command Center  
  57  5:39  Factory  
  57  5:41  Siege Tank  
  60  5:47  Hellion  
  62  5:55  Supply Depot  
  62  6:09  Siege Tank  
  65  6:14  Hellion  
  67  6:22  Supply Depot  
  67  6:35  Siege Tank  
  70  6:44  Siege Tank  
  70  6:45  SCV x3  
  76  6:50  Refinery  
  76  6:54  Refinery  
  76  6:57  SCV x3  
  79  7:09  Siege Tank, SCV  
  79  7:12  SCV x2  
  85  7:21  SCV  
  86  7:24  SCV x2  
  86  7:26  Infernal Pre-Igniter  
  88  7:33  Engineering Bay, SCV  
  89  7:37  Orbital Command  
  89  7:47  Armory  
  89  7:50  Supply Depot  
  89  8:02  Missile Turret  
  89  8:03  Missile Turret  
  89  8:17  Command Center  
  89  8:25  Armory  
  89  8:27  Missile Turret, Factory Tech Lab  
  89  8:34  Terran Vehicle And Ship Armor Level 1  
  89  8:35  Thor  
  95  8:43  Thor  
  95  8:46  Supply Depot  
  101  8:50  Marauder x2  
  72  9:04  Hellion  
  67  9:11  Marauder, Marine  
  67  9:13  Terran Vehicle Weapons Level 1  
  70  9:18  Siege Tank  
  73  9:25  Siege Tank  
  73  9:26  Hellion  
  73  9:28  Marine  
  73  9:30  SCV  
  80  9:32  SCV, Marine  
  80  9:35  SCV  
  80  9:37  Refinery, SCV  
  84  9:42  SCV  
  84  9:44  SCV  
  76  9:47  Marauder, SCV  
  76  9:48  Hellion  
  76  9:50  Marine  
  68  9:55  Hellion, SCV  
  68  9:57  SCV  
  68  9:59  SCV  
  69  10:07  SCV  
  65  10:08  Marauder, Marine  
  63  10:14  SCV  
  63  10:19  Hellion  
  54  10:22  Hellion  
  54  10:25  Marine  
  54  10:27  SCV x3  
  44  10:29  Marine  
  41  10:39  SCV x3  
  42  10:47  Marine  
  40  10:51  SCV x2  
  27  11:01  Factory  
  27  11:03  SCV x2  
Tags
 
Composition
Bio Tank
League
Bronze
Matchup
PvT
Spawn Locations
Close Positions
Add a new tag
Caveats
  • Supply blocks, unpowered buildings, or Contaminate may cause inaccurate times.
  • Supply counts are checked every 10 seconds.